 Dungeon Crawl Stone Soup version 0.26.0-45-g9c1d065592 (webtiles) character file.

Game seed: 14786046104091228480

424 kaeus the Sneak (level 6, -4/44 HPs)
             Began as an Octopode Monk on Jan 28, 2021.
             Slain by a mummy (20 damage)
             ... in an ossuary.
             The game lasted 00:06:39 (3637 turns).

kaeus the Sneak (Octopode Monk)                     Turns: 3637, Time: 00:06:40

Health: -4/44      AC:  1    Str:  7 (10) XL:     6   Next: 96%
Magic:  6/6        EV: 14    Int: 10 (12) God:
Gold:   273        SH:  0    Dex: 16 (17) Spells: 5/5 levels left

rFire    . . .     SeeInvis .   m - +2 dagger (venom)
rCold    . . .     Faith    .   (no shield)
rNeg     . . .     Spirit   .   (helmet restricted)
rPois    .         Reflect  .   (no amulet)
rElec    .         Harm     .   k - ring of stealth
rCorr    .         Rampage  .   (no ring)
Will     .....                  (no ring)
Stlth    ++++++....             (no ring)
HPRegen  0.14/turn              (no ring)
MPRegen  0.10/turn              (no ring)
                                (no ring)
                                (no ring)

@: no status effects
A: almost no armour, stealthy swim, amphibious, 8 rings, constrict 8, camouflage
1, gelatinous body 1
a: no special abilities


You were in an ossuary.
You visited 1 branch of the dungeon, and saw 4 of its levels.
You also visited: Ossuary.

You collected 273 gold pieces.

Inventory:

Hand Weapons
 m - a +2 dagger of venom (weapon)
Jewellery
 k - a ring of stealth (left tentacle)
Wands
 a - a wand of iceblast (9)
Scrolls
 b - 2 scrolls of identify
 c - 2 scrolls of fog
Potions
 d - a potion of degeneration
 e - a potion of berserk rage {unknown}
 g - 2 potions of curing
 h - a potion of brilliance {unknown}
 i - a potion of haste {unknown}
 j - a potion of heal wounds {unknown}
 l - 2 potions of attraction {unknown}


   Skills:
 + Level 4.5 Fighting
 + Level 4.5 Short Blades
 - Level 3.0 Dodging
 * Level 7.4 Stealth


You had 5 spell levels left.
You didn't know any spells.
Your spell library was empty.

Dungeon Overview and Level Annotations

Branches:
Dungeon (4/15)            Ossuary (1/1)
 Temple: D:4-7

Altars:
Ashenzari
Nemelex Xobeh
Trog


Innate Abilities, Weirdness & Mutations

You cannot wear most types of armour.
You are very stealthy in the water. (Stealth+)
You are amphibious.
You can wear up to eight rings at the same time.
You can use your tentacles to constrict eight enemies at once.
Your skin changes colour to match your surroundings (Stealth+).
Your rubbery body absorbs attacks. (AC +1, EV +1)


Message History

The killer bee zombie is severely damaged.
You constrict the killer bee zombie. The killer bee zombie hits you.
* * * LOW HITPOINT WARNING * * *
You take 1 damage, and have 9/44 hp.
You feel better.
You constrict the killer bee zombie. The killer bee zombie hits you. x2
You regained 7 hp, and now have 16/44 hp.
It was a potion of degeneration.
There was something very wrong with that liquid.
You feel weakened.
You feel dopey.
You feel clumsy.
You constrict the killer bee zombie.
You destroy the killer bee zombie!
You hit the mummy. You grab the mummy.
The mummy is moderately damaged.
You constrict the mummy, but do no damage.
You hit the mummy.
The mummy is moderately damaged.
You constrict the mummy, but do no damage.
The mummy hits you!!
You die...

### #####
#.'.#..∩#
#.M@∩.#
#.'.#...#
### #####


You could see a mummy.

Vanquished Creatures
  An ogre (D:4)
  3 orc wizards (D:4)
  Jessica (D:3)
  2 worker ants (D:4)
  A killer bee zombie (Ossuary)
  A mummy (Ossuary)
  3 adders (D:3)
  2 oozes
  2 dart slugs
  A leopard gecko (D:2)
  15 orcs
  A ball python (D:1)
  8 bats
  7 giant cockroaches
  11 hobgoblins
  4 jackals (D:2)
  6 quokkas
  6 frilled lizards
  6 goblins
  A goblin zombie (D:4)
  15 kobolds
  A quokka skeleton (D:4)
  8 rats
106 creatures vanquished.

Vanquished Creatures (others)
  A plant (D:1)
  2 withered plants (Ossuary)
3 creatures vanquished.

Grand Total: 109 creatures vanquished

Notes
Turn   | Place    | Note
-------+----------+-------------------------------------------
     0 | D:1      | kaeus the Octopode Monk began the quest for the Orb.
     0 | D:1      | Reached XP level 1. HP: 16/16 MP: 1/1
    96 | D:1      | Reached skill level 3 in Stealth
   209 | D:1      | Reached XP level 2. HP: 21/21 MP: 2/2
   474 | D:1      | Reached XP level 3. HP: 26/26 MP: 3/3
   491 | D:1      | Reached skill level 4 in Stealth
  1475 | D:2      | Reached XP level 4. HP: 31/31 MP: 4/4
  1500 | D:2      | Found a broken altar of Ashenzari.
  1703 | D:2      | Found a faded altar of an unknown god.
  2122 | D:3      | Reached skill level 5 in Stealth
  2642 | D:3      | Reached XP level 5. HP: 37/37 MP: 5/5
  2750 | D:3      | Noticed Jessica
  2757 | D:3      | Killed Jessica
  3245 | D:4      | Reached skill level 6 in Stealth
  3323 | D:4      | Noticed an ogre
  3338 | D:4      | Killed an ogre
  3339 | D:4      | Reached XP level 6. HP: 24/43 MP: 6/6
  3472 | D:4      | Reached skill level 7 in Stealth
  3537 | D:4      | Found a sparkling altar of Nemelex Xobeh.
  3538 | D:4      | Found a bloodstained altar of Trog.
  3597 | D:4      | Found a sand-covered staircase.
  3610 | Ossuary  | Entered an ossuary
  3637 | Ossuary  | Slain by a mummy

Illustrated notes

Levels and vault maps discovered:
D:1:      dpeg_arrival_boxorama, layout_loops_ring, serial_forest,
          infiniplex_forest_end_1, infiniplex_forest_straight_2,
          infiniplex_forest_lined_room_2, infiniplex_forest_clump_long,
          infiniplex_forest_lined_3, minmay_ruptured
D:2:      layout_rooms, nicolae_ashenzari_panopticon,
          chequers_ecumenical_altar_twisty
D:3:      layout_loops_cross, uniq_jessica
D:4:      layout_loops_cross, gammafunk_temple_overflow_statue, enter_ossuary_3
Ossuary:  ossuary_zaba_flooded

Skill      XL: |  1  2  3  4  5  6 |
---------------+-------------------+-----
Stealth        | 3 4 5 6 7 |  7.4
Short Blades   | 4 |  4.5
Fighting       | 4 |  4.5
Dodging        | |  3.0

Action                   |  1- 3 |  4- 6 || total
-------------------------+-------+-------++-------
Melee: Short sword       |    61 |       ||    61
       Constrict         |    26 |    32 ||    58
       Tentacles         |    13 |    28 ||    41
       Dagger            |    28 |   127 ||   155
  Use: Scroll            |       |     3 ||     3
       Potion            |       |     3 ||     3
 Stab: Sleeping          |    12 |    15 ||    27
       Distracted        |       |     1 ||     1
Armor: Skin              |    10 |     4 ||    14
Dodge: Dodged            |    53 |    51 ||   104
